 Dungeon Crawl Stone Soup version 0.26-a0-540-g8a0c9464d7 (webtiles) character file.

Game seed: 14962844637974345241

37 Inarius the Chopper (level 3, -5/34 HPs)
             Began as a Hill Orc Chaos Knight on Aug 25, 2020.
             Was a Plaything of Xom.
             Slain by Sigmund
             ... wielding a +0 scythe
              (6 damage)
             ... on level 2 of the Dungeon.
             The game lasted 00:01:16 (992 turns).

Inarius the Chopper (Hill Orc Chaos Knight)          Turns: 992, Time: 00:01:17

Health: -5/34      AC:  6    Str: 15    XL:     3   Next: 41%
Magic:  3/3        EV: 11    Int: 12    God:    Xom [..*...]
Gold:   82         SH:  0    Dex: 10    Spells: 2/2 levels left

rFire    . . .     SeeInvis .   a - +0 hand axe (chaos)
rCold    . . .     Faith    .   (no shield)
rNeg     . . .     Spirit   .   b - +2 leather armour
rPois    .         Reflect  .   (no helmet)
rElec    .         Harm     .   (no cloak)
rCorr    .                      (no gloves)
MR       .....                  c - +0 pair of boots
Stlth    +.........             (no amulet)
HPRegen  0.11/turn              (no ring)
MPRegen  0.08/turn              (no ring)

@: mighty, very slightly contaminated, invisible
A: no striking features
a: Renounce Religion


You were on level 2 of the Dungeon.
You worshipped Xom.
You were a toy of Xom.
You visited 1 branch of the dungeon, and saw 2 of its levels.

You collected 82 gold pieces.

Inventory:

Hand Weapons
 a - a +0 hand axe of chaos (weapon)
Armour
 b - a +2 leather armour (worn)
 c - a +0 pair of boots (worn)
Scrolls
 d - 2 scrolls of teleportation {unknown}
 e - a scroll of noise {unknown}
 f - a scroll of amnesia {unknown}


   Skills:
 + Level 4.4 Fighting
 * Level 5.0 Axes
 + Level 2.2 Armour
 + Level 0.9 Dodging


You had 2 spell levels left.
You didn't know any spells.
Your spell library was empty.

Dungeon Overview and Level Annotations

Branches:
Dungeon (2/15)

Altars:

Annotations:
D:2 Sigmund


Message History

Deactivating autopickup; reactivate with Ctrl-A.
You're too confused to move!
You bump into the rock wall.
Something hits you!
You see here 12 poisoned darts.
You bump into the rock wall.
Something hits you!
* * * LOW HITPOINT WARNING * * *
It was a potion of invisibility.
You fade into invisibility!
Xom thinks this is hilarious!
You are very lightly contaminated with residual magic.
A magic dart appears from out of thin air!
Something hits you but does no damage.
You feel less confused. Something hits you.
* * * LOW HITPOINT WARNING * * *
You completely miss something. You miss something. Something hits you.
* * * LOW HITPOINT WARNING * * *
You closely miss something. Something hits you.
You die...

.# #.# #.# #.#
.# ##.#####.#
#........
.#######........
...?....{.# #.#
########(@# #.#
# #..####.####.#
#.....>......##
#.##.##...(....
#.#.#.#..######
#..###...#
#.#.#.#.##
#.##†##.#
#.##.##.#


There were no monsters in sight!

Vanquished Creatures
  An adder (D:2)
  A dart slug (D:1)
  A leopard gecko (D:1)
  A giant cockroach (D:1)
  4 goblins (D:1)
  2 hobgoblins (D:1)
  5 kobolds
  3 bats (D:1)
  A frilled lizard (D:1)
  6 rats (D:1)
25 creatures vanquished.

Notes
Turn   | Place    | Note
-------+----------+-------------------------------------------
     0 | D:1      | Inarius the Hill Orc Chaos Knight began the quest for the
                  | Orb.
     0 | D:1      | Reached XP level 1. HP: 19/19 MP: 1/1
   282 | D:1      | Reached XP level 2. HP: 27/27 MP: 2/2
   661 | D:1      | XOM: silly message
   666 | D:1      | Reached XP level 3. HP: 32/34 MP: 3/3
   913 | D:2      | Reached skill level 5 in Axes
   973 | D:2      | Noticed Sigmund
   991 | D:2      | HP: 1/34 [something (1)]
   992 | D:2      | Slain by Sigmund

Illustrated notes

Levels and vault maps discovered:
D:1:      eino_arrival_water_cross, layout_loops_ring
D:2:      layout_loops_ring, lemuel_round_altar, eino_tiny_chamber, uniq_sigmund

Skill      XL: |  1  2  3 |
---------------+----------+-----
Fighting       | 4 |  4.4
Axes           | 5 |  5.0
Armour         | |  2.2
Dodging        | |  0.9

Action                   || total
-------------------------++-------
Melee: Hand axe          ||    64
  Use: Potion            ||     2
Armor: Leather armour    ||    22
Dodge: Dodged            ||    34

Table legend: (Time is in decaauts)
 A = Elapsed time spent in this place.
 B = Non-inter-level travel time spent in this place.
 C = Inter-level travel time spent in this place.
 D = Time resting spent in this place.
 E = Time spent auto-exploring this place.
 F = Levels seen in this place.
 G = Mean time per level.
                   A        B        C        D        E       F      G
               +--------+--------+--------+--------+--------+-----+--------+
         Total |    996 |    951 |     45 |    232 |    549 |   2 |  498.0 |
       Dungeon |    996 |    951 |     45 |    232 |    549 |   2 |  498.0 |
               +--------+--------+--------+--------+--------+-----+--------+

Top non-repeatable levels by time:
     D:1: 874 daAuts
     D:2: 122 daAuts
